 Dungeon Crawl Stone Soup version 0.29.0-4-gdea44cf6ec (webtiles) character file.

Game seed: 9200376119455660361

102 quinnr the Conjurer (level 4, 0/24 HPs)
             Began as a Tengu Conjurer on Aug 28, 2022.
             Was an Initiate of Sif Muna.
             Slain by an orc
             ... wielding a +0 mace
              (5 damage)
             ... on level 3 of the Dungeon.
             The game lasted 00:04:24 (2943 turns).

quinnr the Conjurer (Tengu Conjurer)                Turns: 2943, Time: 00:04:24

Health: 0/24       AC:  2    Str:  7    XL:     4   Next: 77%
Magic:  1/8        EV: 12    Int: 21    God:    Sif Muna [......]
Gold:   209        SH:  0    Dex: 12    Spells: 6/7 levels left

rFire   . . .      SeeInvis .   (no weapon)
rCold   . . .      Faith    .   (no shield)
rNeg    . . .      Spirit   .   a - +0 robe
rPois   .          Reflect  .   (helmet restricted)
rElec   .          Harm     .   (no cloak)
rCorr   .          Rampage  .   (no gloves)
Will    .....                   (boots unavailable)
Stlth   ++........              (no amulet)
HPRegen 0.08/turn               (no ring)
MPRegen 0.11/turn               (no ring)

@: about to teleport
A: beak, talons 3
a: Renounce Religion


You were on level 3 of the Dungeon.
You worshipped Sif Muna.
Sif Muna was noncommittal.
You visited 1 branch of the dungeon, and saw 3 of its levels.

You collected 209 gold pieces.


Innate Abilities, Weirdness & Mutations

You have a beak for a mouth.
You have claws for feet.


   Skills:
 - Level 2.1 Dodging
 - Level 2.0 Stealth
 - Level 2.0 Spellcasting
 + Level 7.9 Conjurations


You had 6 spell levels left.
You knew the following spells:

 Your Spells              Type           Power      Damage    Failure   Level
m - Magic Dart            Conj           100%       1d8       1%          1

Your spell library contained the following spells:

 Spells                   Type           Power      Damage    Failure   Level
 Searing Ray              Conj           70%        2d7       1%          2
 Dazzling Flash           Conj/Hex       36%        N/A       9%          3
 Fulminant Prism          Conj/Hex       9%         3d7       28%         4
 Iskenderun's Mystic Bla  Conj/Tloc      18%        2d6       28%         4

Inventory:

Armour
 a - a +0 robe (worn)
Jewellery
 h - an amulet of guardian spirit
Scrolls
 d - a scroll of teleportation {@r2}
 m - 2 scrolls of blinking {unknown}
Potions
 b - a potion of magic
 c - a potion of resistance {unknown}
 e - a potion of might {unknown}
 f - a potion of curing {unknown}
 g - a potion of attraction {unknown}
 i - a potion of flight {unknown}
 k - 2 potions of degeneration {unknown}
 l - a potion of brilliance {unknown}
 n - a potion of heal wounds {unknown}

Dungeon Overview and Level Annotations

Branches:
Dungeon (3/15)

Altars:
Elyvilon
Gozag
Makhleb
Nemelex Xobeh
Ru
Sif Muna
Uskayaw
Yredelemnul

Shops:
D:2

:
#.#####≈≈≈.≈≈###.
#.###≈≈≈....≈≈##.
##.##≈≈.......≈≈##
#..#≈≈.........≈##
#.##≈..♣♣♣♣♣....+.
#.#≈≈..♣....8..≈##
#.#≈...♣.8.♣...≈##
#o#≈..8..[.♣..≈≈#.
#@o....♣♣♣♣♣..≈##
###≈.........≈≈#
#≈≈.......≈≈###
##≈≈....≈≈≈##.#
##≈≈.≈≈≈####.#
###'#### #.#
#.#######.#
#.........#
#########.#


You could see 2 orcs.


Message History

Press: ? - help, Q - select action Shift-Dir - straight line, f/p - orc
Aim: an orc, wielding a +0 club and wearing a +0 scale mail (heavily wounded, 100% to hit)
The magic dart hits the orc.
The orc is heavily wounded.
The orc hits you with a +0 club.
* * * LOW HITPOINT WARNING * * *
The orc hits you with a +0 mace.
* * * LOW HITPOINT WARNING * * *
Aiming: Magic Dart (safe; 1% risk of failure)
Press: ? - help, Q - select action Shift-Dir - straight line, f/p - orc
Aim: an orc, wielding a +0 club and wearing a +0 scale mail (heavily wounded, 100% to hit)
The magic dart hits the orc.
The orc is severely wounded.
The orc hits you with a +0 mace.
* * * LOW HITPOINT WARNING * * *
The orc barely misses you.
Unknown command.
You don't have enough magic to cast this spell.
Unknown command.
Unknown command.
Okay, then.
As you read the scroll labelled WAZEHU GEUNU, it crumbles to dust.
You hear a loud clanging noise!
It was a scroll of noise.
The orc hits you with a +0 club.
* * * LOW HITPOINT WARNING * * *
The orc misses you.
As you read the scroll labelled TEMOIPP ELIRAO, it crumbles to dust.
You feel strangely unstable.
It was a scroll of teleportation.
The orc hits you with a +0 mace.
You die...

Skill      XL: |  1  2  3 |
---------------+----------+-----
Conjurations   | 6 7 |  7.9
Dodging        | |  2.1
Stealth        | |  2.0
Spellcasting   | |  2.0

Action                   |  1- 3 |  4- 6 || total
-------------------------+-------+-------++-------
Melee: Unarmed           |       |     1 ||     1
 Cast: Magic Dart        |    79 |    27 ||   106
  Use: Scroll            |       |     2 ||     2
Armor: Robe              |       |     3 ||     3
Dodge: Dodged            |     1 |     9 ||    10

Levels and vault maps discovered:
D:1:      saegor_arrival_fortress, layout_basic,
          shapermc_ecumenical_altar_notcrosses,
          wander_ebering_terrifying_dragon_lair
D:2:      layout_basic, minivault_5, nicolae_shop_vocational
D:3:      layout_loops_ring, grunt_temple_overflow_open, lemuel_round_altar,
          grunt_ministairs_13, kennysheep_big_empty_room,
          minmay_misc_feat_enclosed, kennysheep_potato

Notes
Turn   | Place    | Note
-------+----------+-------------------------------------------
     0 | D:1      | quinnr the Tengu Conjurer began the quest for the Orb.
     0 | D:1      | Reached XP level 1. HP: 10/10 MP: 4/4
   483 | D:1      | Reached XP level 2. HP: 15/15 MP: 4/6
   508 | D:1      | Reached skill level 6 in Conjurations
  1258 | D:1      | Found a faded altar of an unknown god.
  1355 | D:2      | Reached XP level 3. HP: 19/19 MP: 0/7
  1850 | D:2      | Reached skill level 7 in Conjurations
  2030 | D:2      | Found Plog's Vocational Training.
  2340 | D:2      | Reached XP level 4. HP: 24/24 MP: 2/8
  2453 | D:3      | Found a sacrificial altar of Ru.
  2453 | D:3      | Found a sparkling altar of Nemelex Xobeh.
  2454 | D:3      | Found a hide-covered altar of Uskayaw.
  2455 | D:3      | Found an opulent altar of Gozag.
  2455 | D:3      | Found a white marble altar of Elyvilon.
  2468 | D:3      | Found a burning altar of Makhleb.
  2468 | D:3      | Found a shimmering blue altar of Sif Muna.
  2469 | D:3      | Found a basalt altar of Yredelemnul.
  2501 | D:3      | Became a worshipper of Sif Muna the Loreminder
  2943 | D:3      | Slain by an orc

Vanquished Creatures
  An orc wizard (D:3)
  2 adders
  2 worms (D:2)
  4 dart slugs
  4 ball pythons
  2 endoplasms (D:1)
  2 giant cockroaches
  9 goblins
  4 hobgoblins
  5 kobolds
  A quokka (D:1)
  3 bats
  A frilled lizard (D:1)
  3 rats
43 creatures vanquished.

Table legend: (Time is in decaauts)
 A = Elapsed time spent in this place.
 B = Non-inter-level travel time spent in this place.
 C = Inter-level travel time spent in this place.
 D = Time resting spent in this place.
 E = Time spent auto-exploring this place.
 F = Levels seen in this place.
 G = Mean time per level.
                   A        B        C        D        E       F      G
               +--------+--------+--------+--------+--------+-----+--------+
         Total |   2944 |   2903 |     41 |     79 |   2495 |   3 |  981.3 |
       Dungeon |   2944 |   2903 |     41 |     79 |   2495 |   3 |  981.3 |
               +--------+--------+--------+--------+--------+-----+--------+

Top non-repeatable levels by time:
     D:1: 1506 daAuts
     D:2: 941 daAuts
     D:3: 496 daAuts

Table legend:
 A = Non-vault XP
 B = Vault XP
 C = Vault XP percentage of total XP
 D = Non-vault monster count
 E = Vault monster count
 F = Vault count percentage of total count
                 A         B        C        D         E       F
            +---------+---------+-------+---------+---------+-------
      Total |     107 |      39 |  26.7 |      39 |       4 |   9.3
            +---------+---------+-------+---------+---------+-------
        D:1 |      33 |       1 |   2.9 |      15 |       1 |   6.2
        D:2 |      52 |       0 |   0.0 |      18 |       0 |   0.0
        D:3 |      22 |      38 |  63.3 |       6 |       3 |  33.3
            +---------+---------+-------+---------+---------+-------
